 Dungeon Crawl Stone Soup version 0.20.1-1-g8b1a95d (console) character file.

1285 hilaritas the Magician (level 8, -1/46 HPs)
             Began as a Deep Elf Wizard on Feb 11, 2018.
             Was an Initiate of Vehumet.
             Slain by hilaritas's ghost (5 damage)
             ... on level 5 of the Dungeon.
             The game lasted 00:24:37 (6684 turns).

hilaritas the Magician (Deep Elf Wizard)            Turns: 6684, Time: 00:24:38

Health: -1/46      AC:  7    Str: 11    XL:     8   Next: 29%
Magic:  1/19       EV: 17    Int: 26    God:    Vehumet [......]
Gold:   171        SH:  4    Dex: 13    Spells: 11/19 levels left

rFire    . . .     SeeInvis .   p - +3 dagger (holy)
rCold    . . .     Gourm    .   w - +0 buckler
rNeg     + . .     Faith    .   q - +2 robe {MR+}
rPois    .         Spirit   .   s - +0 helmet
rElec    .         Reflect  .   x - +0 cloak
rCorr    .         Harm     .   (no gloves)
MR       +....                  C - +0 pair of boots
Stlth    ++........             (no amulet)
Regen    0.2/turn               b - ring of positive energy
MPRegen  0.2/turn               (no ring)

@: mighty
A: repulsion field 1, strong 1
a: Renounce Religion


You were on level 5 of the Dungeon.
You worshipped Vehumet.
Vehumet was noncommittal.
You were not hungry.

You visited 2 branches of the dungeon, and saw 6 of its levels.
You also visited: Sewer.

You collected 171 gold pieces.

Inventory:

Hand Weapons
 j - a +0 dagger
 p - a +3 dagger of holy wrath (weapon)
 r - a +2 dagger of venom
 y - a +1 dagger of electrocution
Missiles
 h - 171 stones (quivered)
 n - 30 arrows
Armour
 q - a +2 robe of magic resistance (worn)
 s - a +0 helmet (worn)
 w - a +0 buckler (worn)
 x - a +0 cloak (worn)
 C - a +0 pair of boots (worn)
Magical Staves
 A - an uncursed staff of earth
Jewellery
 b - a ring of positive energy (left hand)
Wands
 o - a wand of flame (48/48)
 D - a wand of random effects (24/48)
Scrolls
 k - 5 scrolls of teleportation
 z - a scroll of blinking
 E - a scroll of remove curse
Potions
 a - a potion of curing
 g - 3 potions of agility
 i - 6 potions of flight
 l - a potion of mutation
 m - a potion of berserk rage {unknown}
 t - 4 potions of heal wounds
 u - a potion of brilliance {unknown}
 v - a potion of haste {unknown}
Books
 c - a book of Minor Magic

   Spells                             Type                      Level
   a - Magic Dart                     Conjuration                  1
   b - Blink                          Translocation                2
   c - Call Imp                       Summoning                    2
   d - Slow                           Hexes                        2
   e - Conjure Flame                  Conjuration/Fire             3
   f - Mephitic Cloud                 Conjuration/Poison/Air       3
Comestibles
 f - 2 meat rations
 B - 2 bread rations
 F - a royal jelly


   Skills:
 * Level 3.5 Fighting
 + Level 5.7 Dodging
 - Level 2.4 Stealth
 * Level 2.9 Shields
 - Level 6.2 Spellcasting
 - Level 5.0 Conjurations
 * Level 2.8 Summonings
 - Level 1.1 Translocations
 * Level 2.7 Fire Magic


You had 11 spell levels left.
You knew the following spells:

 Your Spells              Type           Power        Failure   Level  Hunger
a - Magic Dart            Conj           ####         1%          1    None
b - Blink                 Tloc           N/A          7%          2    None
c - Call Imp              Summ           ###.....     3%          2    None
d - Conjure Flame         Conj/Fire      ####....     4%          3    None


Dungeon Overview and Level Annotations

Branches:
Dungeon (5/15)             Temple (1/1) D:5

Altars:
Ashenzari
Dithmenos
Fedhas
Qazlal
Ru
Sif Muna
Vehumet
The Shining One

Annotations:
D:5 hilaritas's ghost, novice FoHu


Innate Abilities, Weirdness & Mutations

You are surrounded by a mild repulsion field. (EV +2)
Your muscles are strong. (Str +2)


Message History

The magic dart hits hilaritas's ghost.
Hilaritas's ghost is severely damaged.
Hilaritas's ghost hits you! Hilaritas's ghost freezes you.
You hit hilaritas's ghost but do no damage.
Hilaritas's ghost is severely damaged.
Hilaritas's ghost hits you. Hilaritas's ghost freezes you.
You hit hilaritas's ghost but do no damage.
Hilaritas's ghost is heavily damaged.
Hilaritas's ghost hits you. Hilaritas's ghost freezes you.
You hit hilaritas's ghost.
Hilaritas's ghost convulses.
Hilaritas's ghost is severely damaged.
Hilaritas's ghost closely misses you.
You feel very mighty all of a sudden. Hilaritas's ghost hits you!
Hilaritas's ghost freezes you.
You puncture hilaritas's ghost!
Hilaritas's ghost convulses.
Hilaritas's ghost is severely damaged.
Hilaritas's ghost hits you!
* * * LOW HITPOINT WARNING * * *
Hilaritas's ghost freezes you.
You die...

. #
#........................
... #.
#.....##########.........
..<.#.##.....# #.........
.............####
#.........
...#..g.gl.)..(#
##########
..$..###.....##.# ####
#.....##.# #.....##†#
#.....##(# ########W# #@#
#.# #.# #.# ..# ###


You could see hilaritas's ghost.

Vanquished Creatures
  Grinder (Sewer)
  2 ogres (D:4)
  2 big kobolds (Sewer)
  Blork the orc (D:5)
  2 scorpions
  A crimson imp (D:5)
  A quasit (Sewer)
  Crazy Yiuf (D:3)
  3 orc wizards
  Jessica (D:2)
  An iguana (D:4)
  3 worker ants (D:4)
  4 big kobold zombies (Sewer)
  2 gnolls (D:5)
  9 adders
  A shadow imp (Sewer)
  3 ufetubi (Sewer)
  An ooze (D:2)
  2 adder skeletons (D:4)
  4 worms
  5 dart slugs
  2 leopard geckos
  10 orcs
  3 ball pythons
  14 bats
  A bat zombie (Sewer)
  5 giant cockroaches
  8 goblins
  9 hobgoblins
  6 jackals
  3 quokkas
  10 frilled lizards
  2 jackal skeletons (D:5)
  23 kobolds
  A kobold zombie (Sewer)
  6 rats
153 creatures vanquished.

Vanquished Creatures (others)
  A howler monkey (D:5)
  A big kobold zombie (Sewer)
  A giant cockroach zombie (Sewer)
  2 kobold zombies (Sewer)
5 creatures vanquished.

Grand Total: 158 creatures vanquished

Notes
Turn   | Place    | Note
-------+----------+-------------------------------------------
     0 | D:1      | hilaritas the Deep Elf Wizard began the quest for the Orb.
     0 | D:1      | Reached XP level 1. HP: 10/10 MP: 7/7
   268 | D:1      | Reached XP level 2. HP: 13/16 MP: 3/9
   382 | D:1      | Learned a level 2 spell: Blink
   385 | D:1      | Learned a level 2 spell: Call Imp
   532 | D:1      | Reached skill level 1 in Fighting
   841 | D:1      | Reached XP level 3. HP: 20/20 MP: 8/10
   903 | D:1      | Learned a level 3 spell: Conjure Flame
  1606 | D:2      | Noticed Jessica
  1610 | D:2      | Killed Jessica
  1610 | D:2      | Reached XP level 4. HP: 25/25 MP: 7/12
  1852 | D:2      | Found a blossoming altar of Fedhas.
  2574 | D:3      | Found a runed door.
  2712 | D:3      | Reached XP level 5. HP: 30/30 MP: 7/13
  3452 | D:3      | Noticed Crazy Yiuf
  3458 | D:3      | Killed Crazy Yiuf
  3723 | D:4      | Found a glowing drain.
  3736 | D:4      | Reached skill level 5 in Conjurations
  3808 | Sewer    | Entered a sewer
  3810 | Sewer    | Reached skill level 1 in Shields
  3874 | Sewer    | Reached XP level 6. HP: 35/35 MP: 6/14
  4384 | Sewer    | Reached skill level 5 in Spellcasting
  4600 | Sewer    | Found a burning altar of Makhleb.
  4792 | Sewer    | Reached XP level 7. HP: 21/40 MP: 4/17
  4961 | Sewer    | Noticed Grinder
  4965 | Sewer    | Paralysed by Grinder for 5 turns
  4980 | Sewer    | Killed Grinder
  4980 | Sewer    | Reached skill level 6 in Spellcasting
  5417 | D:4      | Reached skill level 5 in Dodging
  5477 | D:4      | Found a shadowy altar of Dithmenos.
  5487 | D:4      | Reached skill level 1 in Fire Magic
  5649 | D:4      | Gained mutation: Your magical capacity is low. (-10% MP) [potion of mutation]
  5649 | D:4      | Gained mutation: Armour fits poorly on your strangely shaped body. [potion of mutation]
  5649 | D:4      | Gained mutation: Your mind is acute. (Int +2) [potion of mutation]
  5649 | D:4      | Gained mutation: You have a pair of small horns on your head. [potion of mutation]
  5650 | D:4      | Lost mutation: Armour fits poorly on your strangely shaped body. [potion of mutation]
  5650 | D:4      | Lost mutation: You have a pair of small horns on your head. [potion of mutation]
  5650 | D:4      | Lost mutation: Your magical capacity is low. (-10% MP) [potion of mutation]
  5650 | D:4      | Lost mutation: Your mind is acute. (Int +2) [potion of mutation]
  5650 | D:4      | Gained mutation: You are surrounded by a mild repulsion field. (EV +2) [potion of mutation]
  5650 | D:4      | Gained mutation: Your muscles are strong. (Str +2) [potion of mutation]
  5736 | D:4      | Reached XP level 8. HP: 46/46 MP: 12/19
  5958 | D:5      | Entered Level 5 of the Dungeon
  6188 | D:5      | Found a staircase to the Ecumenical Temple.
  6197 | Temple   | Entered the Ecumenical Temple
  6223 | Temple   | Became a worshipper of Vehumet
  6335 | D:5      | Noticed Blork the orc
  6345 | D:5      | Killed Blork the orc
  6652 | D:5      | Noticed hilaritas's ghost (novice FoHu)
  6684 | D:5      | HP: 4/46 [hilaritas's ghost (9)]
  6684 | D:5      | Slain by hilaritas's ghost

Skill      XL: |  1  2  3  4  5  6  7 |
---------------+----------------------+-----
Fighting       | 1 2 3 |  3.5
Conjurations   | 2 3 4 5 |  5.0
Dodging        | 3 4 5 |  5.7
Shields        | 1 2 |  2.9
Spellcasting   | 5 6 |  6.2
Fire Magic     | 2 |  2.7
Summonings     | 2 |  2.8
Stealth        | |  2.4
Translocations | |  1.1

Action                   |  1- 3 |  4- 6 |  7- 9 || total
-------------------------+-------+-------+-------++-------
Melee: Dagger            |     6 |    58 |    25 ||    89
Throw: Stone             |     1 |     6 |     5 ||    12
 Cast: Magic Dart        |    89 |   221 |   128 ||   438
       Conjure Flame     |       |       |     3 ||     3
  Use: Scroll            |     8 |     4 |     5 ||    17
       Potion            |       |       |     4 ||     4
  Eat: Chunk             |     2 |     8 |     3 ||    13
       Bread ration      |       |     1 |       ||     1
Armor: Robe              |     5 |    33 |     5 ||    43
Dodge: Dodged            |     7 |    76 |    19 ||   102
Block: Buckler           |       |    14 |     5 ||    19
